 Dungeon Crawl Stone Soup version 0.17-a0-1951-g62301d3 (webtiles) character file.

69 hexophile the Chopper (level 4, -2/38 HPs)
             Began as a Ghoul Fighter on Oct 1, 2015.
             Slain by Alipheese's ghost (10 damage)
             ... on level 3 of the Dungeon on Oct 2, 2015.
             The game lasted 00:03:20 (1935 turns).

hexophile the Chopper (Ghoul Fighter)               Turns: 1935, Time: 00:03:21

Health: -2/38      AC:  7    Str: 19    XL:     4   Next: 20%
Magic:  3/3        EV:  7    Int:  3    God:
Gold:   86         SH:  8    Dex:  9    Spells: 0 memorised, 3 levels left

rFire  + . .     SeeInvis .       - Unarmed
rCold  + . .     Clarity  .     b - +0 scale mail
rNeg   + + +     SustAt   .     c - +0 shield
rPois  ∞         Gourm    .     (no helmet)
rElec  .         Spirit   .     (no cloak)
rCorr  .         Warding  .     (no gloves)
rMut   .         Stasis   .     h - +0 pair of boots
MR     .....                    (no amulet)
Stlth  ..........               (no ring)
                                g - ring of protection from fire

@: rotting, not resistant to hostile enchantments, extremely unstealthy
A: rotting body, claws 1, carnivore 3, cold resistance 1, negative energy
resistance 3, slow healing 1, torment resistance, unbreathing
a: no special abilities


You were on level 3 of the Dungeon.
You were not hungry.

You visited 1 branch of the dungeon, and saw 3 of its levels.

You collected 86 gold pieces.


Innate Abilities, Weirdness & Mutations

Your body is rotting away.
You thrive on raw meat.
You are immune to poison.
You have sharp fingernails.
You are carnivorous and can eat meat at any time.
Your flesh is cold resistant.
You are immune to negative energy.
You heal slowly when monsters are visible.
You are immune to unholy pain and torment.
You can survive without breathing.

Inventory:

Hand weapons
 a - a +0 war axe
Armour
 b - a +0 scale mail (worn)
 c - a +0 shield (worn)
 h - a +0 pair of boots (worn)
Jewellery
 g - a ring of protection from fire (left claw)
Scrolls
 f - a scroll of enchant weapon {unknown}
 i - 2 scrolls of identify {unknown}
 k - 2 scrolls of noise {unknown}
 r - a scroll of remove curse {unknown}
Potions
 d - 2 potions of might
 l - 2 potions of invisibility {unknown}
 m - a potion of curing {unknown}
 n - a potion of agility {unknown}
 p - a potion of haste {unknown}
 q - a potion of brilliance {unknown}
Comestibles
 e - a meat ration
 j - a beef jerky


You had 3 spell levels left.
You didn't know any spells.


   Skills:
 - Level 3.2 Fighting
 - Level 3.3 Axes
 - Level 2.6 Armour
 - Level 2.6 Shields
 + Level 2.1 Unarmed Combat

Dungeon Overview and Level Annotations

Branches:
Dungeon (3/15)

Altars:

Annotations:
D:3 Alipheese's ghost, average NaMo

Vault maps used:
D:1:      ldierk_water_garden
D:3:      first_bread, uniq_terence, uniq_robin

Vault maps used:
D:1:      ldierk_water_garden
D:3:      first_bread, uniq_terence, uniq_robin
You       could see Alipheese's ghost.


Message History

The goblin shouts!
Found a stone staircase leading down.
A goblin is nearby!
A goblin is nearby!
You closely miss the goblin. You block the goblin's attack.
You miss the goblin. The goblin barely misses you.
You claw the goblin!
You kill the goblin!
No target in view!
Found a long sword.
No target in view!
Key pressed, stopping explore.
No target in view!
Alipheese's ghost (average Naga Monk) comes into view.
Alipheese's ghost turns its malevolent gaze towards you.
Alipheese's ghost is nearby!
Eat which item? (? for menu, Esc to quit)
Okay, then.
Alipheese's ghost hits you but does no damage.
You scratch Alipheese's ghost but do no damage.
Alipheese's ghost hits you!
You claw Alipheese's ghost! You block Alipheese's ghost's attack.
You scratch Alipheese's ghost. Alipheese's ghost hits you.
You scratch Alipheese's ghost but do no damage.
You block Alipheese's ghost's attack.
You closely miss Alipheese's ghost. You block Alipheese's ghost's attack.
You barely miss Alipheese's ghost. Alipheese's ghost barely misses you.
Your shield and scale mail prevent you from hitting Alipheese's ghost.
You block Alipheese's ghost's attack.
You scratch Alipheese's ghost. You block Alipheese's ghost's attack.
You barely miss Alipheese's ghost. You block Alipheese's ghost's attack.
You scratch Alipheese's ghost. You block Alipheese's ghost's attack.
You scratch Alipheese's ghost. You block Alipheese's ghost's attack.
You scratch Alipheese's ghost but do no damage.
Alipheese's ghost barely misses you.
You barely miss Alipheese's ghost. You block Alipheese's ghost's attack.
You scratch Alipheese's ghost but do no damage.
Alipheese's ghost hits you but does no damage.
You closely miss Alipheese's ghost. You block Alipheese's ghost's attack.
You scratch Alipheese's ghost. Alipheese's ghost hits you!
You scratch Alipheese's ghost but do no damage.
Alipheese's ghost screams, "I'll kill anyone who wants the ORB!"
Alipheese's ghost hits you!
* * * LOW HITPOINT WARNING * * *
You closely miss Alipheese's ghost. Alipheese's ghost barely misses you.
Alipheese's ghost hits you.
* * * LOW HITPOINT WARNING * * *
You closely miss Alipheese's ghost. You block Alipheese's ghost's attack.
You scratch Alipheese's ghost. Alipheese's ghost hits you!
You die...

Action                   |  1- 3 |  4- 6 || total
-------------------------+-------+-------++-------
Melee: War axe           |    99 |       ||    99
       Unarmed           |    39 |    48 ||    87
  Eat: Chunk             |     7 |     7 ||    14

Notes
Turn   | Place    | Note
--------------------------------------------------------------
     0 | D:1      | hexophile the Ghoul Fighter began the quest for the Orb.
     0 | D:1      | Reached XP level 1. HP: 19/19 MP: 0/0
   255 | D:1      | Reached XP level 2. HP: 26/26 MP: 1/1
   832 | D:1      | Reached XP level 3. HP: 30/30 MP: 2/2
  1151 | D:2      | Upgraded the game from 0.17-a0-1946-gfb768fe to 0.17-a0-1951-g62301d3
  1354 | D:2      | Reached skill level 1 in Unarmed Combat
  1382 | D:2      | Reached XP level 4. HP: 27/37 MP: 3/3
  1912 | D:3      | Noticed Alipheese's ghost (average NaMo)
  1935 | D:3      | Slain by Alipheese's ghost

Table legend:
 A = Turns spent in this place as a percentage of turns spent in the entire game.
 B = Non-inter-level travel turns spent in this place as a percentage of non-inter-level travel turns spent in the entire game.
 C = Inter-level travel turns spent in this place as a percentage of turns spent in this place.
 D = Turns resting spent in this place as a percentage of non-inter-level travel turns spent in this place.
 E = Turns spent auto-exploring this place as a percentage of non-inter-level travel turns spent in this place.
 F = Non-inter-level travel turns spent in this place divided by the number of levels of this place that you've seen.
                   A       B       C       D       E      F
               +-------+-------+-------+-------+-------+----------------------
         Total | 100.0 | 100.0 |   0.4 |   3.2 |  10.1 | 185.0
       Dungeon | 100.0 | 100.0 |   0.4 |   3.2 |  10.1 | 185.0
               +-------+-------+-------+-------+-------+----------------------

Table legend:
 A = Kills in this place as a percentage of kills in entire the game.
 B = Kills by you in this place as a percentage of kills by you in the entire game.
 C = Kills by friends in this place as a percentage of kills by friends in the entire game.
 D = Other kills in this place as a percentage of other kills in the entire game.
 E = Experience gained in this place as a percentage of experience gained in the entire game.
 F = Experience gained in this place divided by the number of levels of this place that you have seen.
                   A       B       C       D       E      F
               +-------+-------+-------+-------+-------+----------------------
         Total | 100.0 | 100.0 |  -nan |  -nan | 100.0 |  33.0
       Dungeon | 100.0 | 100.0 |  -nan |  -nan | 100.0 |  33.0
               +-------+-------+-------+-------+-------+----------------------

Vanquished Creatures
  2 adders (D:2)
  An ooze (D:1)
  A worm (D:2)
  2 giant geckos
  A ball python (D:2)
  2 giant cockroaches
  6 hobgoblins
  6 jackals
  7 kobolds
  3 bats
  6 goblins
  6 rats
43 creatures vanquished.

Vanquished Creatures (others)
  4 toadstools (D:1)
4 creatures vanquished.

Grand Total: 47 creatures vanquished
